[Event "*** Titled Tuesday 3|2 Blitz"]
[Site "Chess.com"]
[Date "2016.08.02"]
[Round "1"]
[White "Sanan_Sjugirov"]
[Black "awb2001"]
[Result "1-0"]
[WhiteElo "2691"]
[BlackElo "2329"]
[TimeControl "180+2"]
[EndTime "11:09:10 PDT"]
[Termination "Sanan_Sjugirov won by resignation"]

1. d4 Nf6 2. Nf3 e6 3. Bg5 h6 4. Bh4 c5 5. e3 b6 6. Nc3 d5 7. Bb5+ Bd7 8. Bxf6 Qxf6 9. O-O Nc6 10. Bxc6 Bxc6 11.
Ne5 Bb7 12. Qe2 a6 13. f4 Bd6 14. a4 O-O 15. Nd7 Qg6 16. Nxf8 Rxf8 17. Nd1 Re8 18.
c3 f6 19. Nf2 e5 20. fxe5 fxe5 21. Qg4 Re6 22. Qxg6 Rxg6 23. Nd3 e4 24. Nf4 Rg5 25.
Ne6 Rh5 26. h3 Bc8 27. Nf4 Rg5 28. a5 b5 29. h4 Rg4 30. Nxd5 Rxh4 31. dxc5 Bxc5 32.
b4 Bd6 33. Kf2 Be6 34. Rad1 Rg4 35. Nf6+ gxf6 36. Rxd6 Bc4 37. Rh1 Kg7 38. Rxa6 Rg5 39. Ra7+ Kg6 40. Rh4 Rd5 41. Rxe4 Rd2+ 42. Kg3 Bd5 43.
Rg4+ Kf5 44. Rf4+ Kg6 45. e4 Rd3+ 46. Kh4 Be6 47. Ra6 Bc8 48. Raxf6+ 1-0

[Event "*** Titled Tuesday 3|2 Blitz"]
[Site "Chess.com"]
[Date "2016.08.02"]
[Round "1"]
[White "ER404"]
[Black "elefante33"]
[Result "0-1"]
[WhiteElo "2146"]
[BlackElo "2449"]
[TimeControl "180+2"]
[EndTime "11:09:17 PDT"]
[Termination "elefante33 won by resignation"]

1. d4 Nf6 2. c4 e6 3. Nc3 Bb4 4. Nf3 c5 5. g3 Nc6 6. Bg2 Ne4 7.
Qd3 cxd4 8. Nxd4 Nxc3 9. bxc3 Ne5 10. Qc2 Be7 11. Qb3 Qc7 12. Bf4 d6 13. Nb5 Qb8 14.
O-O a6 15. Na3 Qc7 16. Rfd1 O-O 17. Rab1 Rb8 18. Nc2 Bd7 19. Ne3 Rfc8 20. Qb6 Bc6 21. Bxc6 Qxc6 22. Bxe5 dxe5 23. Qxc6 bxc6 24. Rxb8 Rxb8 25.
Rd7 Kf8 26. Ra7 f5 27. Rxa6 Rc8 28. Kf1 Bc5 29. Ke1 Ke7 30. Kd2 Kd6 31. Kc2 f4 32. Nd1 g5 33. e3 h5 34. Kd3 Rf8 35. Ke4 fxg3 36. hxg3 h4 37. gxh4 gxh4 38. f3 h3 39.
Nf2 Rh8 40. f4 exf4 41. Kxf4 h2 42. Nh1 Rg8 43. e4 e5+ 44. Kf5 Rg1 45. Ra8 Rxh1 46. Rd8+ Kc7 47. Rh8 Rf1+ 0-1

[Event "*** Titled Tuesday 3|2 Blitz"]
[Site "Chess.com"]
[Date "2016.08.02"]
[Round "1"]
[White "Wolverine_master"]
[Black "fastestmindalive"]
[Result "0-1"]
[WhiteElo "2012"]
[BlackElo "2371"]
[TimeControl "180+2"]
[EndTime "11:09:17 PDT"]
[Termination "fastestmindalive won by resignation"]

1. e4 c5 2. Nf3 Nc6 3. d4 cxd4 4.
Nxd4 e5 5. Nb5 d6 6. N1c3 a6 7.
Na3 Be6 8. Nd5 Nf6 9. Bg5 Bxd5 10. exd5 Qa5+ 11. c3 Qxd5 12. Qxd5 Nxd5 13. O-O-O Nb6 14. Nc4 Nxc4 15. Bxc4 Be7 16. Be3 O-O 17. Rhe1 Rfd8 18. Bb6 Rd7 19. Bd5 Bd8 20. Be3 Bc7 21. f4 Rad8 22. fxe5 dxe5 23. c4 Nb4 24. Bg5 Rb8 25.
a3 Nxd5 26. cxd5 f6 27. Be3 Rbd8 28. Kb1 Rxd5 29. Rc1 R8d7 30. Rc2 Kf7 31. Rec1 Bd8 32. Rc4 f5 33. g3 Bf6 34. Rc8 e4 35. Bf4 Rb5 36.
R1c2 g5 37. Be3 Rd3 38. Bc1 Rxa3 39. R2c7+ Ke6 40. Re8+ Kd6 41. Rf7 Bxb2 42. Bxb2 Rab3 43. Rxf5 Rxb2+ 44. Kc1 Rxf5 45. Kxb2 Re5 46. Rh8 Re7 47. Rd8+ Kc7 48. Rg8 e3 49. Rxg5 e2 50. Rc5+ Kb6 0-1

[Event "*** Titled Tuesday 3|2 Blitz"]
[Site "Chess.com"]
[Date "2016.08.02"]
[Round "1"]
[White "Semetey"]
[Black "Aragon"]
[Result "1-0"]
[WhiteElo "2429"]
[BlackElo "2084"]
[TimeControl "180+2"]
[EndTime "11:09:25 PDT"]
[Termination "Semetey won by resignation"]

1. d4 f5 2. Nf3 Nf6 3. c4 e6 4. e3 b6 5. Bd3 Bb7 6. O-O Be7 7.
Nbd2 O-O 8. Qc2 Qe8 9. b3 a5 10. Bb2 Na6 11. a3 Qh5 12. h3 g5 13. d5 g4 14.
hxg4 Nxg4 15. e4 Nc5 16. exf5 Nxd3 17. Qxd3 Rxf5 18. Rfe1 Raf8 19. Re4 Bc5 20. Rxg4+ Qxg4 21. Qc3 e5 22. b4 Bd4 23. Qb3 Bxb2 24. Qxb2 e4 25.
Qd4 Rxf3 26. Nxf3 Rxf3 27. Re1 Rf4 28. bxa5 c5 29. Qe5 Ba6 30. axb6 Rf5 31. Qe7 Rf7 32. Qe8+ Rf8 33. Qe7 Qg7 34. Qxc5 Rb8 35. Rxe4 d6 36.
Qe3 Bb7 37. Re8+ Rxe8 38. Qxe8+ Qf8 39. Qe6+ Qf7 40. Qxd6 Qe8 41. Qg3+ Kf8 42. Qf4+ Kg8 43. Qg5+ Kf8 44. Qf6+ Kg8 45. a4 Qxa4 46. Qd8+ Kf7 47. Qc7+ Kg6 48. Qxb7 Qd1+ 49. Kh2 Qh5+ 50. Kg3 Qg5+ 51. Kf3 Qf6+ 52. Ke3 Qc3+ 53. Ke4 Qxc4+ 54. Ke5 Qc3+ 55. Kd6 Qf6+ 56. Kc7 Qc3+ 57. Qc6+ Qxc6+ 58. dxc6 1-0

[Event "*** Titled Tuesday 3|2 Blitz"]
[Site "Chess.com"]
[Date "2016.08.02"]
[Round "1"]
[White "joppie2"]
[Black "Colombiano07"]
[Result "0-1"]
[WhiteElo "2487"]
[BlackElo "2232"]
[TimeControl "180+2"]
[EndTime "11:09:30 PDT"]
[Termination "Colombiano07 won by resignation"]

1. e4 c5 2. Nf3 Nc6 3. Bb5 g6 4. O-O Bg7 5. Bxc6 bxc6 6. d3 Nf6 7.
Nc3 O-O 8. Be3 d6 9. Qd2 Ng4 10.
Bf4 e5 11. Bg5 f6 12. Bh4 Qe8 13. a3 a5 14. Rab1 a4 15. Rfe1 h5 16. h3 Nh6 17.
Ne2 Be6 18. c3 Rb8 19. d4 cxd4 20. cxd4 g5 21. Bg3 Nf7 22. Nc3 Bb3 23. Rbc1 Rb6 24. Qe3 Qb8 25. Nd2 Ra6 26. Qd3 Qb6 27. dxe5 dxe5 28.
Nc4 Rd8 29. Qe2 Qb7 30. f3 Bf8 31. Bf2 Raa8 32. Ne3 Be6 33. Nf5 Nd6 34. Nxd6 Bxd6 35. Red1 Be7 36. h4 g4 37. Qe3 Qxb2 38. Qh6 Rxd1+ 39. Nxd1 Qxa3 40. Qg6+ Kf8 41. Be3 Bf7 42. Qh7 Rd8 43. Nf2 Qxe3 44. Rxc6 g3 45. Qh8+ Bg8 46. Rxf6+ Bxf6 47. Qxf6+ Ke8 48. Qxe5+ Kf8 49. Qf6+ Ke8 50. Qe5+ Kf7 51. Qxh5+ Ke6 52. Qg6+ Kd7 53. Qxg3 Be6 54. Kh2 Rg8 55. Ng4 Rxg4 56. Qe5 Qf4+ 0-1

[Event "*** Titled Tuesday 3|2 Blitz"]
[Site "Chess.com"]
[Date "2016.08.02"]
[Round "1"]
[White "Blitzstream"]
[Black "Hieronymus00"]
[Result "1-0"]
[WhiteElo "2466"]
[BlackElo "2137"]
[TimeControl "180+2"]
[EndTime "11:09:33 PDT"]
[Termination "Blitzstream won by resignation"]

1. d4 Nf6 2. Bg5 c5 3. Bxf6 gxf6 4. d5 Qb6 5. Qc1 Bg7 6. c4 d6 7. Nc3 Nd7 8. Nf3 a6 9. e3 f5 10. Bd3 Ne5 11. Nxe5 dxe5 12. e4 f4 13. O-O Qg6 14. f3 h5 15. Kh1 h4 16. h3 Rg8 17. Qd2 Bd7 18. Qf2 Qg3 19. Ne2 Qg6 20. Qxc5 e6 21. Qf2 b5 22. Rac1 exd5 23. cxd5 Bf8 24. Rg1 Be7 25. a3 Kf8 26. Rc7 Be8 27. Rc2 Kg7 28.
Rc7 Bd6 29. Rc3 Be7 30. b4 Kh8 31. Rc7 Bf6 32. Rgc1 Rd8 33. Rc8 Rxc8 34. Rxc8 Bd7 35. Rxg8+ Qxg8 36. Qc5 Qe8 37. Qd6 Bg7 38. Qxa6 Qb8 39.
a4 bxa4 40. b5 Qc7 41. Qxa4 Qc5 42. Qc4 Qb6 43. Kh2 Bf6 44. Qb4 Kg7 45. Qa4 Bd8 46. Qa6 Qf2 47. Qb7 Be8 48. Qb8 Bb6 49. Qxe8 Bd4 50. b6 Bxb6 51. Qxe5+ Kg8 52. Qg5+ Kf8 53. d6 1-0

[Event "*** Titled Tuesday 3|2 Blitz"]
[Site "Chess.com"]
[Date "2016.08.02"]
[Round "1"]
[White "stefanodinn"]
[Black "GMKrikor"]
[Result "1/2-1/2"]
[WhiteElo "2208"]
[BlackElo "2490"]
[TimeControl "180+2"]
[EndTime "11:09:36 PDT"]
[Termination "Game drawn by stalemate"]

1. e4 c5 2. Nf3 d6 3. d4 cxd4 4. Nxd4 Nf6 5. f3 e5 6. Bb5+ Nbd7 7. Nf5 a6 8. Bxd7+ Qxd7 9. Bg5 Qe6 10. Nc3 g6 11. Ne3 Be7 12. Ncd5 Nxd5 13. Nxd5 Bd8 14. Bxd8 Kxd8 15. O-O Bd7 16. c4 Rc8 17. Rc1 Bc6 18.
Qd2 Bxd5 19. cxd5 Qe7 20. Qa5+ Rc7 21. Rc3 Kc8 22. Rfc1 Rxc3 23. Rxc3+ Kb8 24. Qb6 Rc8 25.
Rc6 Rxc6 26. dxc6 Qc7 27. Qxc7+ Kxc7 28. cxb7 Kxb7 29. Kf2 Kc6 30. Ke3 f5 31. Kd3 Kc5 32. Kc3 a5 33. b3 d5 34. exd5 Kxd5 35. Kd3 Kc5 36. a3 Kb5 37. Ke3 Kc5 38. g3 h5 39.
h3 g5 40. g4 hxg4 41. hxg4 fxg4 42. fxg4 Kd5 43. b4 a4 44. Kd3 e4+ 45. Ke3 Kc4 46. Kxe4 Kb3 47. Kd3 Kxa3 48. Kc3 Ka2 49. Kc2 a3 50. b5 Ka1 51. b6 a2 52. b7 1/2-1/2

[Event "*** Titled Tuesday 3|2 Blitz"]
[Site "Chess.com"]
[Date "2016.08.02"]
[Round "1"]
[White "fireheart92"]
[Black "Spas_Kozhuharov"]
[Result "1-0"]
[WhiteElo "2266"]
[BlackElo "2454"]
[TimeControl "180+2"]
[EndTime "11:09:36 PDT"]
[Termination "fireheart92 won by resignation"]

1. e4 c6 2. d4 d5 3. exd5 cxd5 4. c4 Nf6 5. Nc3 Nc6 6. Nf3 Bg4 7. cxd5 Nxd5 8.
Qb3 Bxf3 9. gxf3 e6 10. Qxb7 Nxd4 11. Bb5+ Nxb5 12. Qc6+ Ke7 13. Qxb5 Qd7 14. Nxd5+ Qxd5 15. Qxd5 exd5 16. Be3 Ke6 17. O-O-O Bb4 18. Kb1 Rhc8 19.
Bd4 f6 20. a3 Ba5 21. b4 Bb6 22. Kb2 Kf5 23. Bxb6 axb6 24. Rxd5+ Kf4 25. Rd3 Re8 26. Rc1 Re2+ 27. Rc2 Rae8 28. a4 g5 29. Rd6 f5 30.
Rxb6 Kxf3 31. a5 Kxf2 32. a6 f4 33. a7 Ra8 34. Rb7 f3 35. b5 Rxc2+ 36. Kxc2 Kg2 37. b6 f2 38. Rf7 g4 39. b7 Rxa7 40. Rxf2+ Kxf2 41. b8=Q Ra4 42. Qb6+ Ke1 43. Qg1+ Ke2 44. Qg2+ Ke1 45.
Kd3 Ra3+ 46. Ke4 h5 47. Kf4 Rh3 48. Kg5 Kd1 49. Qf2 Kc1 50. Qe2 Kb1 51. Qd2 Ka1 52.
Qc2 g3 53. Qd1+ Kb2 54. Qe2+ Kc3 55. Qe3+ Kc2 56. hxg3 1-0

[Event "*** Titled Tuesday 3|2 Blitz"]
[Site "Chess.com"]
[Date "2016.08.02"]
[Round "1"]
[White "SabinoBrunello"]
[Black "MMSANCHEZ"]
[Result "1-0"]
[WhiteElo "2597"]
[BlackElo "2269"]
[TimeControl "180+2"]
[EndTime "11:09:47 PDT"]
[Termination "SabinoBrunello won by checkmate"]

1. d4 Nf6 2. c4 e6 3. Nc3 Bb4 4. e3 O-O 5. Ne2 d5 6. a3 Be7 7. Nf4 c6 8. cxd5 exd5 9. Bd3 a5 10.
O-O Na6 11. Qc2 Nc7 12. f3 Re8 13. g4 h6 14. Qf2 c5 15. Bd2 b6 16. Rad1 Ba6 17.
Bxa6 Rxa6 18. Bc1 cxd4 19. exd4 b5 20. Nd3 b4 21. axb4 axb4 22. Ne2 Ne6 23. Ng3 Bf8 24. Nf5 Qb6 25. Kg2 Rc8 26. Be3 Ra2 27. Rd2 Qb5 28. h4 b3 29. g5 hxg5 30. hxg5 Nh5 31. Rh1 g6 32. Nh6+ Bxh6 33. gxh6 Rc2 34. h7+ Kxh7 35.
Rxc2 bxc2 36. Qxc2 Kg7 37. Kf2 Qc4 38. Qb1 Nxd4 39. Rc1 Qa4 40. Nc5 Qb4 41. Qxa2 Nf5 42. Qa4 Qxb2+ 43. Rc2 Qe5 44. Qa3 Qh2+ 45. Ke1 Qh1+ 46.
Kd2 d4 47. Bf2 Qg2 48. Ne4 Nf4 49. Qb2 Qf1 50. Qb3 Qe2+ 51. Kc1 Nd3+ 52. Kb1 Qd1+ 53. Ka2 Nc1+ 54. Rxc1 Qxc1 55. Qb2 Qc4+ 56. Qb3 Qe2+ 57.
Ka3 Qa6+ 58. Kb2 Qe2+ 59. Kc1 d3 60. Qc3+ Kh6 61. Qh8# 1-0

[Event "*** Titled Tuesday 3|2 Blitz"]
[Site "Chess.com"]
[Date "2016.08.02"]
[Round "1"]
[White "thebestomelet"]
[Black "DanielRensch"]
[Result "0-1"]
[WhiteElo "2213"]
[BlackElo "2513"]
[TimeControl "180+2"]
[EndTime "11:09:53 PDT"]
[Termination "DanielRensch won by checkmate"]

1. d4 Nf6 2. c4 e6 3. Nf3 c5 4. d5 b5 5. dxe6 fxe6 6. cxb5 a6 7.
e3 Be7 8. bxa6 Nxa6 9. Nc3 O-O 10. Bd3 Nb4 11. O-O Nxd3 12. Qxd3 Ba6 13. Qd1 Bxf1 14. Qxf1 d5 15. Bd2 c4 16. Nd4 Qb6 17. Rb1 Bc5 18. Ndb5 Ne4 19. Nxe4 Qxb5 20. Nxc5 Qxc5 21. a3 Rfb8 22.
Bb4 Qc6 23. Rd1 e5 24. h3 Re8 25. Qe2 Rad8 26. Qf3 Qe6 27. Bc3 h6 28. Qh5 Kh7 29. f4 exf4 30. exf4 d4 31. Rxd4 Qe3+ 32. Kh1 Rxd4 33.
Bxd4 Qc1+ 34. Bg1 g6 35. Qd5 Re7 36. Qd6 Rf7 37. a4 Qxf4 38. Qxf4 Rxf4 39. a5 Rf6 40.
Bb6 Rf1+ 41. Kh2 Ra1 42. Kg3 Ra2 43. Bc7 Rxb2 44. Kf3 c3 45. Be5 Ra2 46. Bxc3 Ra3 47. a6 Rxc3+ 48. Kg4 Ra3 49. a7 Rxa7 50. g3 Ra4+ 51.
Kf3 Kg7 52. Kg2 Kf6 53. h4 Kf5 54. Kh3 h5 55. Kg2 Kg4 56. Kh2 Ra2+ 57. Kg1 Kxg3 58. Kf1 Kxh4 59. Ke1 Kg3 60. Kd1 Rf2 61. Kc1 h4 62.
Kb1 h3 63. Kc1 h2 64. Kd1 h1=Q# 0-1

[Event "*** Titled Tuesday 3|2 Blitz"]
[Site "Chess.com"]
[Date "2016.08.02"]
[Round "1"]
[White "Krutoy123"]
[Black "GeorgMeier"]
[Result "1/2-1/2"]
[WhiteElo "2361"]
[BlackElo "2695"]
[TimeControl "180+2"]
[EndTime "11:09:56 PDT"]
[Termination "Game drawn by repetition"]

1. e4 e6 2. d3 d5 3. Nd2 Nf6 4. Ngf3 Be7 5. g3 c5 6. Bg2 Nc6 7. O-O O-O 8. Re1 b5 9. e5 Nd7 10. Nf1 a5 11. h4 b4 12. h5 h6 13. N1h2 Re8 14. Ng4 Bf8 15. Bf4 Qe7 16. Qd2 Ba6 17. a3 Rec8 18. axb4 axb4 19. c3 Bb5 20. Nh4 Na5 21.
Qc2 Bc6 22. Qd1 Ra6 23. c4 dxc4 24. dxc4 Bxg2 25. Nxg2 Ra7 26. Qc2 Rca8 27. Red1 Nc6 28. Rxa7 Rxa7 29. Qe4 Nd4 30. Be3 Nf5 31. Bf4 Nb6 32.
N2e3 Rd7 33. Rxd7 Qxd7 34. Kg2 Qd4 35. Qc2 Nxe3+ 36. Nxe3 Be7 37. b3 Bd8 38. Qd1 Qxd1 39.
Nxd1 Nd7 40. Nb2 Kh7 41. Nd3 g6 42. hxg6+ Kxg6 43. g4 h5 44. gxh5+ Kxh5 45. Kf3 Kg6 46. Ke4 Be7 47. Be3 Bf8 48. Nf4+ Kh7 49. Nd3 Be7 50. Ne1 Kg7 51. Nd3 Bf8 52. f3 Be7 53. Bg1 Kg6 54. Bf2 Kh5 55. Nf4+ Kg5 56. Nd3 Bf8 57. Bg3 Be7 58.
Bf2 Bf8 59. Bg3 Nb8 60. Bf2 Nd7 1/2-1/2

[Event "*** Titled Tuesday 3|2 Blitz"]
[Site "Chess.com"]
[Date "2016.08.02"]
[Round "1"]
[White "Astaneh"]
[Black "Bab3s"]
[Result "1-0"]
[WhiteElo "2468"]
[BlackElo "2139"]
[TimeControl "180+2"]
[EndTime "11:09:59 PDT"]
[Termination "Astaneh won by resignation"]

1. d4 Nf6 2. c4 e6 3. Nf3 d5 4.
Nc3 Be7 5. Bf4 O-O 6. e3 c5 7.
cxd5 exd5 8. Bd3 Nc6 9. dxc5 Bxc5 10. O-O Bg4 11. Rc1 a6 12. Be2 Ba7 13. h3 Bh5 14.
Nd4 Nxd4 15. Bxh5 Ne6 16. Be5 Nxh5 17. Qxh5 d4 18. Rfd1 Qa5 19. exd4 Bxd4 20. Re1 g6 21. Qe2 Bxe5 22. Qxe5 Qxe5 23. Rxe5 Rac8 24. Rd1 Rfd8 25. Red5 Rxd5 26. Rxd5 Kf8 27. g3 h5 28. Kg2 Ke7 29. Rd2 Rd8 30. Re2 f5 31. Na4 Kf6 32.
Nb6 h4 33. Nc4 hxg3 34. fxg3 Rd1 35. Ne3 Ra1 36. Nd5+ Kf7 37. b3 Rb1 38. Nc3 Rc1 39.
Nd5 Rd1 40. Ne3 Rd3 41. Nc4 Rd1 42. Kf2 Kf6 43. Ne3 Ra1 44. Nd5+ Kf7 45. Ke3 Rh1 46. h4 Rf1 47. Rd2 Re1+ 48. Kf2 Re4 49. Nc3 Rd4 50.
Rc2 Rd3 51. Ne2 Kf6 52. Nc1 Rd1 53. Ne2 Rd3 54. Rb2 Nd4 55. Nf4 Rf3+ 56. Kg2 Re3 57. Nd5+ 1-0

[Event "*** Titled Tuesday 3|2 Blitz"]
[Site "Chess.com"]
[Date "2016.08.02"]
[Round "1"]
[White "wonderfultime"]
[Black "Balandel"]
[Result "0-1"]
[WhiteElo "2629"]
[BlackElo "2335"]
[TimeControl "180+2"]
[EndTime "11:10:06 PDT"]
[Termination "Balandel won by resignation"]

1. d4 Nf6 2. c4 g6 3. Nc3 Bg7 4. e4 d6 5. f3 O-O 6. Be3 Nc6 7.
Nge2 a6 8. Qd2 Rb8 9. Rc1 e6 10. Nd1 Ne7 11. Nf2 Re8 12. g3 b6 13. Bg2 c5 14. O-O Nc6 15. Rfd1 Qe7 16. f4 e5 17. fxe5 dxe5 18. d5 Nd4 19. Nxd4 cxd4 20. Bg5 a5 21. Nd3 Qd6 22. h3 Qf8 23. Rf1 Nd7 24. Qe2 Ba6 25. b3 Qd6 26. Kh2 Rec8 27. h4 b5 28. c5 Nxc5 29.
Nxc5 Rxc5 30. Rxc5 Qxc5 31. Rc1 Qa7 32. Rc6 Bb7 33. Rc1 Qb6 34. Bh3 b4 35. Qc2 h6 36.
Bd2 f5 37. Qc7 Qxc7 38. Rxc7 fxe4 39. Be6+ Kh8 40. d6 e3 41. d7 Bf6 42. Bc1 Bd8 43. Rc8 Bxc8 44. dxc8=Q Rxc8 45. Bxc8 Bb6 46. Kg2 d3 47. Kf3 d2 48. Bxd2 exd2 49. Ke2 Bf2 50.
g4 Be1 51. h5 gxh5 52. gxh5 Kg7 53. Bf5 Kf6 54. Bg6 Ke6 55. Kd1 Kd5 56. Ke2 e4 57.
Kd1 Kd4 58. Ke2 e3 59. Bf5 Kc3 60. Kd1 Kb2 61. Bg4 Kxa2 62. Kc2 a4 0-1

[Event "*** Titled Tuesday 3|2 Blitz"]
[Site "Chess.com"]
[Date "2016.08.02"]
[Round "1"]
[White "Oleksandr_Bortnyk"]
[Black "profofchess"]
[Result "1/2-1/2"]
[WhiteElo "2575"]
[BlackElo "2302"]
[TimeControl "180+2"]
[EndTime "11:10:15 PDT"]
[Termination "Game drawn by agreement"]

1. e4 e6 2. d4 d5 3. Nc3 Bb4 4. exd5 exd5 5. Bd3 Nc6 6. Ne2 Nf6 7. O-O O-O 8. Bg5 h6 9. Bh4 Be7 10. a3 Bg4 11. h3 Bh5 12. g4 Bg6 13. Bxg6 fxg6 14. Nf4 g5 15. Ne6 Qd7 16. Nxf8 Rxf8 17. Bg3 h5 18. f3 Bd6 19. Bxd6 Qxd6 20. Ne2 Ne7 21. Qd3 hxg4 22. fxg4 Ne4 23. Rxf8+ Kxf8 24. Rf1+ Kg8 25. c4 Ng6 26. cxd5 Qxd5 27. Rf5 Qc6 28. b3 Nh4 29. Rf1 Nd2 30. d5 Qc5+ 31. Nd4 Nxf1 32. Kxf1 Qc1+ 33.
Kf2 Qf4+ 34. Ke2 Qh2+ 35. Kd1 Qh1+ 36. Kc2 Qxd5 37. Qe3 Ng2 38. Qe8+ Kh7 39. Nf5 Qc6+ 40. Qxc6 bxc6 41. Kd3 Nf4+ 42. Kc4 Nxh3 43. Kc5 Nf2 44.
Ne3 Kg6 45. Kxc6 Kf6 46. Kxc7 Ke5 47. Kb7 Ke4 48. Nf1 Nxg4 49. Kxa7 Ne3 50. Ng3+ Kd3 51.
b4 Kc4 52. Ne4 Nc2 53. Nd6+ Kd5 54. Nf7 Nxa3 55. Nxg5 Kc4 56. Ne6 Kxb4 57. Nxg7 Nb5+ 1/2-1/2

[Event "*** Titled Tuesday 3|2 Blitz"]
[Site "Chess.com"]
[Date "2016.08.02"]
[Round "1"]
[White "ftorodent"]
[Black "Carolina-moon"]
[Result "1-0"]
[WhiteElo "2419"]
[BlackElo "2051"]
[TimeControl "180+2"]
[EndTime "11:10:23 PDT"]
[Termination "ftorodent won by resignation"]

1. d4 f5 2. c4 Nf6 3. g3 g6 4.
Bg2 Bg7 5. Nh3 O-O 6. Nf4 d6 7. d5 c6 8. h4 e5 9. dxe6 Qe7 10. h5 gxh5 11. Nd2 Bxe6 12. Rb1 Nbd7 13. b3 Bf7 14.
Bb2 Ne5 15. Nf3 Rad8 16. Qc2 Bg6 17. Nh4 Nfg4 18. Qd2 Bh6 19. Kf1 Qf7 20. Rd1 Rfe8 21. Bh3 Bg7 22. f3 Nf6 23. Bxf5 Re7 24. Qc2 Rde8 25.
Nhxg6 hxg6 26. Nxg6 Rd7 27. Nxe5 dxe5 28. Bxd7 Nxd7 29.
Qe4 Nc5 30. Qe3 b6 31. Qg5 Ne6 32. Qxh5 Qxh5 33. Rxh5 Nc5 34. Kg2 Kf7 35. g4 Kg6 36. Bc1 Ne6 37. Rd6 Bf8 38. Rxc6 Kf7 39. Rh7+ Bg7 40.
Be3 Re7 41. Rh5 Kg6 42. Rf5 Bf6 43. b4 Kg7 44. c5 bxc5 45. bxc5 Nd4 46. Rcxf6 Nxf5 47. Rxf5 Kg6 48. c6 Rc7 49. Rxe5 Rxc6 50. Bxa7 Ra6 51. Bd4 Rxa2 52. f4 Kf7 53. Kf3 Ra4 54. e3 Kg6 55. Re6+ Kh7 56. Rb6 Kg8 57. f5 Rc4 58. g5 Rc7 59. g6 Kf8 60. f6 Rc8 61.
Rb7 Re8 62. Rf7+ Kg8 63. Rg7+ Kf8 64. Rh7 Kg8 65. f7+ Kf8 66. Bc5+ 1-0

[Event "*** Titled Tuesday 3|2 Blitz"]
[Site "Chess.com"]
[Date "2016.08.02"]
[Round "1"]
[White "simonachess"]
[Black "GianmarcoVaR"]
[Result "1/2-1/2"]
[WhiteElo "2114"]
[BlackElo "2444"]
[TimeControl "180+2"]
[EndTime "11:10:27 PDT"]
[Termination "Game drawn - insufficient material"]

1. d4 Nf6 2. c4 e6 3. Nf3 b6 4.
g3 Bb7 5. Bg2 Bb4+ 6. Bd2 c5 7.
O-O O-O 8. Bxb4 cxb4 9. d5 Qc7 10. Qb3 a5 11. Nd4 Na6 12. Nb5 Qe5 13. dxe6 Bxg2 14. exf7+ Rxf7 15. Kxg2 Qxe2 16. Nd6 Re7 17. c5+ Qe6 18.
cxb6 Nc5 19. Qxe6+ Rxe6 20. Rd1 Rb8 21. Nc4 a4 22. a3 bxa3 23. Rxa3 d5 24. Ne3 Rbxb6 25.
Nc3 Rxb2 26. Ncxd5 Nfe4 27. Nf4 Rxf2+ 28. Kg1 Rb6 29.
Ng4 Rd2 30. Rxd2 Nxd2 31. Nd5 Rb3 32. Ra2 Nde4 33. Ne5 a3 34. Nc4 Rb1+ 35. Kg2 Rd1 36. Nde3 Re1 37. Rxa3 Re2+ 38. Kg1 h6 39. Nf1 Ng5 40. Re3 Nh3+ 41. Kh1 Rf2 42. Ncd2 Ng5 43. Kg1 Nh3+ 44. Kh1 Nd7 45. Rf3 Re2 46. Re3 Rf2 47. Rf3 Ne5 48. Rxf2 Nxf2+ 49. Kg2 Nfg4 50. h3 Nf6 51.
Nf3 Nc4 52. Kf2 Ne4+ 53. Kg2 Kf7 54. g4 g5 55. Ne1 Ke6 56. Nf3 Kd5 57. h4 Ne5 58. hxg5 hxg5 59. Nxe5 Kxe5 60. Nh2 Kf4 61. Nf3 Nf6 62. Nxg5 Kxg5 63. Kg3 Nxg4 1/2-1/2

[Event "*** Titled Tuesday 3|2 Blitz"]
[Site "Chess.com"]
[Date "2016.08.02"]
[Round "1"]
[White "Ind1anStar"]
[Black "Maitreia"]
[Result "0-1"]
[WhiteElo "1998"]
[BlackElo "2359"]
[TimeControl "180+2"]
[EndTime "11:10:36 PDT"]
[Termination "Maitreia won by resignation"]

1. d4 Nf6 2. c4 g6 3. Nc3 Bg7 4. e4 O-O 5. f4 d6 6. Nf3 c5 7. d5 Bg4 8. Be2 e6 9. O-O exd5 10.
cxd5 Re8 11. e5 Nfd7 12. exd6 Nf6 13. h3 Bxf3 14. Bxf3 Qxd6 15. a4 a6 16. Qb3 b6 17.
Bd2 Nbd7 18. Rad1 Rab8 19. Kh1 h5 20. Rfe1 Rec8 21. Qc2 b5 22. axb5 axb5 23. f5 b4 24. Nb1 b3 25. Qd3 Ne5 26. Rxe5 Qxe5 27. fxg6 fxg6 28.
Qxg6 Qxb2 29. Bc3 Qc2 30. Qg5 Rf8 31. Rc1 Qd3 32. Rd1 Qc2 33. Rc1 Qf2 34. d6 b2 35.
Rg1 Kh8 36. Qg6 Qh4 37. d7 Rbd8 38. Be1 Qd4 39. Bc3 Qxd7 40. Rd1 Qxd1+ 41. Bxd1 Rxd1+ 42. Kh2 Rxb1 43. Qxb1 Rb8 44. Kh1 Nd5 45. Bxb2 Rxb2 46. Qf5 Nf6 47. Qc8+ Ng8 48. Qxc5 Rb1+ 49. Kh2 Re1 50.
Qxh5+ Nh6 51. g4 Re5 52. Qg6 Re2+ 53. Kg3 Re7 54. Qc6 Re3+ 55. Kf4 Re7 56. Qc8+ Ng8 57.
Qc2 Rf7+ 58. Kg3 Re7 59. g5 Be5+ 60. Kg4 Bg7 61. h4 Rd7 62. Kh5 Rd4 63. Qd3 Rxd3 64.
g6 Rd5+ 65. Kg4 Nh6+ 66. Kf4 Rd4+ 0-1

[Event "*** Titled Tuesday 3|2 Blitz"]
[Site "Chess.com"]
[Date "2016.08.02"]
[Round "1"]
[White "Superfelix"]
[Black "ecwinslow"]
[Result "1-0"]
[WhiteElo "2364"]
[BlackElo "1999"]
[TimeControl "180+2"]
[EndTime "11:11:06 PDT"]
[Termination "Superfelix won by resignation"]

1. e4 d6 2. d4 Nf6 3. Nc3 g6 4. f4 Bg7 5. Nf3 O-O 6. Bd3 Na6 7. O-O c5 8. d5 Rb8 9. a4 b6 10. Bc4 Nc7 11. Qe2 a6 12. Re1 Qd7 13. e5 Nfe8 14. e6 fxe6 15. dxe6 Qc6 16. Rd1 Nf6 17. f5 d5 18. Ne5 Qd6 19. Bg5 gxf5 20. Nd7 Bxd7 21.
exd7 Qxd7 22. Qf3 e6 23. Bf4 Qf7 24. Bxc7 Qxc7 25. Bxa6 d4 26. Ne2 Ng4 27. g3 e5 28.
Bc4+ Kh8 29. Rd3 e4 30. Qf4 Qxf4 31. Nxf4 exd3 32. cxd3 Ne3 33. Ba2 Be5 34. Ne6 Rfe8 35. Kf2 Bd6 36. Ng5 Kg7 37. h4 f4 38. gxf4 Bxf4 39. Ne6+ Kh6 40. Nxf4 Rf8 41. Kg3 Nf5+ 42. Kh3 Rbe8 43. Ne6 Rf6 44. Rf1 Rfxe6 45. Bxe6 Ne3 46. Rf6+ Kg7 47. Rf7+ Kg6 48. Ba2 Nf5 49. h5+ Kg5 50.
Rxh7 Re3+ 51. Kg2 Re2+ 52. Kf3 Rxb2 53. Be6 Rd2 54. Ke4 Ng3+ 55. Ke5 Rxd3 56. Rg7+ Kxh5 57.
Kf4 Ne2+ 58. Kf5 Rf3+ 59. Ke5 Re3+ 60. Kf6 Kh4 61. Rg4+ Kh5 62. Rg8 Rf3+ 63. Ke5 d3 64.
Bg4+ Kh4 65. Bxf3 Nc3 66. Rd8 d2 67. Rxd2 Kg3 68. Bc6 1-0

[Event "*** Titled Tuesday 3|2 Blitz"]
[Site "Chess.com"]
[Date "2016.08.02"]
[Round "1"]
[White "ChessWarrior7197"]
[Black "Andrejkin"]
[Result "1/2-1/2"]
[WhiteElo "2480"]
[BlackElo "2209"]
[TimeControl "180+2"]
[EndTime "11:11:24 PDT"]
[Termination "Game drawn - insufficient material"]

1. e4 e5 2. Nf3 Nc6 3. Bb5 a6 4. Ba4 Nf6 5. O-O Be7 6. d3 b5 7. Bb3 d6 8. a3 O-O 9. Nc3 Bg4 10. Be3 Nd4 11. Bxd4 exd4 12. Nd5 Nd7 13. h3 Bxf3 14.
Qxf3 c6 15. Nxe7+ Qxe7 16. Qg3 a5 17. f4 Nc5 18. Ba2 Ne6 19. f5 Qg5 20. Qxg5 Nxg5 21. h4 Nxe4 22. dxe4 Rfe8 23. Rfe1 b4 24. axb4 axb4 25.
Kf2 Kf8 26. Kf3 d5 27. e5 Ra7 28. Bb3 Rxa1 29. Rxa1 Rxe5 30. Ra6 c5 31. Ra5 c4 32. Ba2 Rxf5+ 33. Kg3 g6 34. Rb5 d3 35. cxd3 cxd3 36. Rxb4 Re5 37. Rd4 Re2 38. Rxd3 Rxb2 39. Bxd5 f5 40.
Kf4 Rb4+ 41. Kg3 Rb2 42. Bf3 Rb4 43. Rd7 h5 44. Bd5 Rg4+ 45. Kh3 Rd4 46. Be6 Re4 47.
Ba2 Re3+ 48. Kh2 Re4 49. Kg3 Rg4+ 50. Kh3 Re4 51. Rf7+ Ke8 52. Rf6 Rg4 53. Bb3 Ke7 54. Re6+ Kf8 55. Bd1 Rd4 56. Bf3 Kf7 57. Ra6 Kg7 58.
g3 f4 59. gxf4 Rxf4 60. Kg3 Rd4 61. Re6 Ra4 62. Re1 Ra5 63. Kf4 Rf5+ 64. Ke4 Ra5 65. Kf4 Rf5+ 66. Kg3 Ra5 67. Re6 Ra4 68. Be4 Ra3+ 69.
Kf4 Rh3 70. Rxg6+ Kf7 71. Ke5 Rxh4 72. Rg2 Rg4 73. Rf2+ Kg7 74. Ra2 Kh6 75. Bf5 Rg1 76.
Kf6 Rg8 77. Be6 Rg6+ 78. Kf5 Rg1 79. Ke5 Kg5 80. Ra8 Re1+ 81. Kd6 h4 82. Rg8+ Kf6 83. Rf8+ Kg5 84. Rf5+ Kg6 85. Rf2 Kg5 86. Ke7 h3 87. Kf7 Rxe6 88. Kxe6 Kg4 89. Ke5 Kg3 90. Rf8 h2 91. Rg8+ Kh3 92. Kf4 h1=Q 93. Rh8+ Kg2 94. Rxh1 Kxh1 1/2-1/2